 Dungeon Crawl Stone Soup version 0.31-a0-366-ga77b45bd9b (webtiles) character file.

Game seed: 10642465087608709944

79 MacCMillion the Ruffian (level 4, -3/38 HPs)
             Began as a Draconian Shapeshifter on July 28, 2023.
             Was an Initiate of Qazlal.
             Killed by divine providence
             ... invoked by an orc priest
              (14 damage)
             ... on level 3 of the Dungeon.
             The game lasted 00:03:30 (1384 turns).

MacCMillion the Ruffian (Draconian Shapeshifter)    Turns: 1384, Time: 00:03:31

Health: -3/38      AC:  5    Str: 19    XL:     4   Next: 17%
Magic:  4/4        EV: 12    Int:  8    God:    Qazlal [......]
Gold:   81         SH:  0    Dex: 12    Spells: 3/3 levels left

rFire   . .          .
                       - Unarmed
rCold   . . .        (no shield)
rNeg    . . .        (body armour unavailable)
rPois   .            (helmet currently unavailable)
rElec   .            (cloak currently unavailable)
rCorr   .            (gloves currently unavailable)
SInv    .            (boots currently unavailable)
Will    .....        (no amulet)
Stlth   +            (no ring)
HPRegen 0.26/turn    (no ring)
MPRegen 0.09/turn

%: no passive effects
@: beast-form
A: beast (slay +2), AC +5, unfitting armour, cold-blooded
a: Begin Untransformation, Renounce Religion


You were on level 3 of the Dungeon.
You worshipped Qazlal.
Qazlal was noncommittal.
You were a hulking beast.
You visited 1 branch of the dungeon, and saw 3 of its levels.

You collected 81 gold pieces.

Inventory:

Missiles
 o - 5 poisoned darts
Armour
 j - a +0 hat
Jewellery
 e - a ring of positive energy
Talismans
 b - a beast talisman
Scrolls
 c - 2 scrolls of teleportation {unknown}
 h - a scroll of enchant armour {unknown}
 i - a scroll of fog {unknown}
 k - a scroll of vulnerability {unknown}
 l - a scroll of fear {unknown}
Potions
 a - a potion of lignification
 d - a potion of berserk rage {unknown}
 f - 2 potions of curing {unknown}
 g - a potion of enlightenment {unknown}
 m - a potion of attraction {unknown}
 n - a potion of degeneration {unknown}
 p - a potion of mutation {unknown}
 q - a potion of cancellation {unknown}


   Skills:
 + Level 3.1 Fighting
 - Level 1.8 Dodging
 + Level 4.1 Unarmed Combat
 - Level 3.0 Shapeshifting


You had 3 spell levels left.
You didn't know any spells.
Your spell library contained the following spells:

 Spells                   Type           Power      Damage    Failure   Level
 Ozocubu's Armour         Ice            0%         N/A       78%         3
 Metabolic Englaciation   Hex/Ice        0%         N/A       100%        5
 Simulacrum               Ice/Necr       0%         N/A       100%        6


Dungeon Overview and Level Annotations

Branches:
Dungeon (3/15)

Altars:
Qazlal

Shops:
D:1 (


Innate Abilities, Weirdness & Mutations

You are a hulking beast.
Your limbs bulge with bestial killing power. (Slay +2)
Your plain brown scales are hard. (AC +5)
You cannot fit into any form of body armour.
You are cold-blooded and may be slowed by cold attacks.


Message History

You feel sick.
Unknown command.
You feel sick.
There is an escape hatch in the floor, spattered with blood here.
You feel sick.
You feel sick.
You are no longer poisoned.
HP restored.
q - a ruby potion An orc priest comes into view.
It is wielding a +1 short sword of speed.
The orc priest shouts!
An orc priest is nearby!
An orc comes into view. It is wielding a +0 mace.
The orc priest casts a cantrip, but nothing happens.
You closely miss the orc priest.
The orc priest hits you with a +1 short sword of speed.
You hit the orc priest.
The orc priest is lightly wounded.
The orc priest invokes the aid of Beogh against you.
Pain shoots through your body!
You hit the orc priest.
The orc priest is moderately wounded.
The orc priest hits you with a +1 short sword of speed.
The orc misses you.
Unknown command.
You hit the orc priest.
Your tail-slap misses the orc priest.
The orc priest is severely wounded.
The orc priest invokes the aid of Beogh against you.
Beogh smites you!
* * * LOW HITPOINT WARNING * * *
The orc closely misses you.
You barely miss the orc priest.
The orc priest is severely wounded.
The orc priest misses you. The orc hits you but does no damage.
Unknown command.
You hit the orc priest.
The orc priest is almost dead.
The orc priest mumbles some strange prayers to Beogh against you.
Beogh smites you!
You die...

.#.......# .##.####.#
#.# .##.####.#####.#
##..........##.#
#..........##.####
#.<..............#
###.#####.........#
.>................####.#
.......####.....ho......
.......# ##.....o####..
.......# #......#
######## #......#
#......# #........
####.###.# #.# .# ..


You could see an orc priest and an orc.

Vanquished Creatures
  2 adders
  3 worms (D:2)
  2 ball pythons (D:1)
  5 endoplasms
  4 giant cockroaches
  3 hobgoblins
  4 jackals (D:2)
  4 quokkas
  7 bats
  2 frilled lizards
  6 goblins
  4 kobolds
  2 rats (D:1)
48 creatures vanquished.

Notes
Turn   | Place    | Note
-------+----------+-------------------------------------------
     0 | D:1      | MacCMillion the Draconian Shapeshifter began the quest for
                  | the Orb.
     0 | D:1      | Reached XP level 1. HP: 16/16 MP: 1/1
   220 | D:1      | Reached XP level 2. HP: 15/24 MP: 2/2
   318 | D:1      | Found Waec's Antique Weapon Shop.
   342 | D:1      | Found a faded altar of an unknown god.
   626 | D:2      | Reached XP level 3. HP: 20/30 MP: 3/3
   977 | D:2      | Reached skill level 4 in Unarmed Combat
   989 | D:2      | Found a stormy altar of Qazlal.
  1010 | D:2      | Became a worshipper of Qazlal Stormbringer
  1164 | D:2      | Reached XP level 4. HP: 35/38 MP: 4/4
  1384 | D:3      | Killed from afar by an orc priest

Illustrated notes

Levels and vault maps discovered:
D:1:      ncdulo_halloftheorcs, layout_basic, dreamdust_ecumenical_altar_grove,
          serial_shops, shop, corexii_leaking_fountain
D:2:      layout_basic, basic_altar, st_stairs_5
D:3:      layout_basic, lightli_temple_of_fire, nicolae_uskayaw_dance_hall,
          xom_teletrap_fun, uniq_ijyb

Skill      XL: |  1  2  3 |
---------------+----------+-----
Fighting       | 2 3 |  3.1
Unarmed Combat | 4 |  4.1
Dodging        | |  1.8
Shapeshifting  | |  3.0

Action                     |  1- 3 |  4- 6 || total
---------------------------+-------+-------++-------
  Melee: Unarmed           |   104 |    13 ||   117
         Tailslap          |    13 |     2 ||    15
         Punch             |     6 |       ||     6
   Stab: Sleeping          |     2 |       ||     2
 Armour: Skin              |    36 |     1 ||    37
  Dodge: Dodged            |    65 |     5 ||    70

Table legend: (Time is in decaauts)
 A = Elapsed time spent in this place.
 B = Non-inter-level travel time spent in this place.
 C = Inter-level travel time spent in this place.
 D = Time resting spent in this place.
 E = Time spent auto-exploring this place.
 F = Levels seen in this place.
 G = Mean time per level.
                   A        B        C        D        E       F      G
               +--------+--------+--------+--------+--------+-----+--------+
         Total |   1382 |   1350 |     32 |     17 |    961 |   3 |  460.7 |
       Dungeon |   1382 |   1350 |     32 |     17 |    961 |   3 |  460.7 |
               +--------+--------+--------+--------+--------+-----+--------+

Top non-repeatable levels by time:
     D:2: 627 daAuts
     D:1: 584 daAuts
     D:3: 170 daAuts
